 Dungeon Crawl Stone Soup version 0.21-a0-356-g45b0a09 (webtiles) character file.

6422 Deemzul the Carver (level 10, -5/79 HPs)
             Began as a Demonspawn Fighter on Oct 12, 2017.
             Was an Elder of Okawaru.
             Slain by an ice devil (12 damage)
             ... in an ice cave.
             The game lasted 00:16:19 (9682 turns).

Deemzul the Carver (Demonspawn Fighter)             Turns: 9682, Time: 00:16:20

Health: -5/79      AC: 13    Str: 18      XL:     10   Next: 66%
Magic:  14/14      EV: 14    Int:  9 (10) God:    Okawaru [****..]
Gold:   33         SH: 12    Dex: 27 (29) Spells: 9/9 levels left

rFire    + . .     SeeInvis .   a - +0 long sword
rCold    . . .     Gourm    .   c - +0 shield
rNeg     . . .     Faith    .   M - +1 leather armour of Ximalil {rPois MR+ Dex+3} (curse)
rPois    +         Spirit   .   L - +0 helmet
rElec    .         Reflect  .   i - scarf {cloud immunity}
rCorr    +         Harm     .   H - +2 pair of gloves {Dex+3}
MR       +....                  n - +1 pair of boots
Stlth    +++.......             G - amulet of rage
HPRegen  0.23/turn              k - ring of resist corrosion
MPRegen  0.14/turn              (no ring)

@: agile
A: yellow scales 1, agile 1, fire resistance 1, low mp 1, screaming 1, spiny 1,
strong 1, wild magic 1, flame cloud immunity
a: Heroism, Renounce Religion, Evoke Berserk Rage


You were in an ice cave.
You worshipped Okawaru.
Okawaru was greatly pleased with you.
You were not hungry.

You visited 2 branches of the dungeon, and saw 11 of its levels.
You visited 1 bazaar.
You also visited: Sewer and Ice Cave.

You collected 443 gold pieces.
You spent 410 gold pieces at shops.

Inventory:

Hand Weapons
 a - a +0 long sword (weapon)
Armour
 c - a +0 shield (worn)
 i - a scarf of cloud immunity (worn)
 n - a +1 pair of boots (worn)
 H - a +2 pair of gloves of dexterity (worn)
 L - a +0 helmet (worn)
 M - the cursed +1 leather armour of Ximalil (worn) {rPois MR+ Dex+3}
   (You bought it in a shop in a bazaar)

   It affects your dexterity (+3).
   It protects you from poison.
   It affects your resistance to hostile enchantments.
   It has a curse placed upon it.
Jewellery
 h - an uncursed amulet of faith
 k - a ring of resist corrosion (left hand)
 D - an uncursed amulet of magic regeneration
 G - an amulet of rage (around neck)
Wands
 F - a wand of iceblast (4/15)
 J - a wand of disintegration (14/24)
 K - a wand of random effects (10/48)
Scrolls
 e - 3 scrolls of remove curse {unknown}
 l - a scroll of fog {unknown}
 m - 2 scrolls of random uselessness {unknown}
 o - 2 scrolls of enchant weapon {unknown}
 p - a scroll of teleportation
 q - 4 scrolls of magic mapping
 r - 8 scrolls of identify
 s - 3 scrolls of amnesia
 w - 2 scrolls of blinking {unknown}
 y - 3 scrolls of enchant armour {unknown}
 z - 2 scrolls of noise {unknown}
 B - 2 scrolls of recharging {unknown}
Potions
 d - 3 potions of heal wounds
 g - 5 potions of flight
 j - 3 potions of brilliance
 t - 2 potions of agility
 u - a potion of cancellation
 E - a potion of curing
Comestibles
 f - 8 bread rations
 v - 8 royal jellies
 x - 6 meat rations
 C - 5 fruits


   Skills:
 + Level 7.3 Fighting
 * Level 9.0 Long Blades
 + Level 6.7 Armour
 + Level 6.6 Shields
 + Level 8.4 Invocations


You had 9 spell levels left.
You didn't know any spells.

Dungeon Overview and Level Annotations

Branches:
Dungeon (11/15)            Temple (1/1) D:6
   Lair: D:8-11         Orc: D:9-12

Altars:
Ashenzari
Cheibriados
Dithmenos
Elyvilon
Fedhas
Gozag
Hepliaklqana
Kikubaaqudgha
Makhleb
Nemelex Xobeh
Okawaru
Qazlal
Ru
Sif Muna
Trog
Vehumet
Wu Jian
Xom
Yredelemnul
Zin
The Shining One


Innate Abilities, Weirdness & Mutations

You are partially covered in yellow scales. (AC +2)
Your flesh is heat resistant. (rF+)
You are partially covered in sharp spines.
You are immune to clouds of flame.
You are agile. (Dex +2)
Your magical capacity is low. (-10% MP)
You occasionally shout uncontrollably at your foes.
Your muscles are strong. (Str +2)
Your spells are a little harder to cast, but a little more powerful.


Message History

You feel strangely unstable.
Evoke which item? (* to show all) (? for menu, Esc to quit)
Aiming: Random Effects (will waste charges)
Press: ? - help, Shift-Dir - straight line, f/p - ice devil
Aim: an ice devil (heavily wounded)
The ice devil resists with almost no effort.
Evoking this partially-identified wand wasted a few charges.
You closely miss the ice devil.
The ice devil is heavily wounded.
You hit the ice devil but do no damage.
The ice devil is heavily wounded.
Your surroundings suddenly seem different.
Okay, then.
Unknown command.
You feel like a meek peon again.
You fail to use your ability.
The ice devil is struck by your spines. The ice devil hits you!
* * * LOW HITPOINT WARNING * * *
The ice devil freezes you!
You die...

###### ###....### ##@.......###
##§4§.###....## ####
#.§4###.###...### ...#####
#§§§##.4..####..## .......##
######4§##.....##...#
........###.#§§.§§.......###..#
.........#.§§§§....##..[##...##
...........§§§###########...##
...........#### ###.4.##


You could see 2 ice devils and a friendly ice devil.

Vanquished Creatures
  The ghost of Angani the Cleaver, a novice GnWn of Ashenzari (D:8)
  2 ice statues (IceCv)
  4 ice devils (IceCv)
  A hornet (D:7)
  A hippogriff (D:7)
  A wyvern (D:8)
  A water moccasin (D:6)
  4 orc warriors
  A phantom (D:7)
  A sky beast (D:5)
  An ice beast (D:8)
  4 ogres
  A centaur (D:7)
  3 big kobolds (Sewer)
  A bullfrog (D:8)
  A wyvern zombie (D:4)
  3 scorpions
  A water moccasin skeleton (D:7)
  10 killer bees
  4 howler monkeys
  4 crimson imps
  3 hounds
  A quasit (D:8)
  A bullfrog skeleton (D:5)
  A bullfrog zombie (D:7)
  2 jellies
  5 orc priests
  3 iguanas
  11 orc wizards
  6 worker ants
  2 hound zombies
  A hound skeleton (D:5)
  2 worker ant zombies
  6 adders
  7 white imps (IceCv)
  5 ufetubi (IceCv)
  2 oozes (Sewer)
  5 worms
  3 dart slugs
  6 leopard geckos
  37 orcs
  11 bats
  5 giant cockroaches
  5 goblins
  4 hobgoblins
  5 jackals
  4 quokkas
  5 ball pythons
  A ball python skeleton (D:4)
  3 frilled lizards
  A giant cockroach zombie (D:5)
  16 kobolds
  A leopard gecko zombie (D:3)
  3 quokka skeletons
  11 rats
234 creatures vanquished.

Vanquished Creatures (others)
  An orc wizard (D:8)
  3 white imps (IceCv)
  4 ufetubi (IceCv)
8 creatures vanquished.

Grand Total: 242 creatures vanquished

Notes
Turn   | Place    | Note
-------+----------+-------------------------------------------
     0 | D:1      | Deemzul the Demonspawn Fighter began the quest for the Orb.
     0 | D:1      | Reached XP level 1. HP: 18/18 MP: 1/1
   132 | D:1      | Reached skill level 2 in Long Blades
   331 | D:1      | Gained mutation: You are partially covered in yellow scales. (AC +2) [demonic ancestry]
   331 | D:1      | Reached XP level 2. HP: 19/24 MP: 2/2
   884 | D:2      | Found a white marble altar of Elyvilon.
   948 | D:2      | Found an iron altar of Okawaru.
  1022 | D:2      | Gained mutation: You are partially covered in sharp spines. [demonic ancestry]
  1022 | D:2      | Reached XP level 3. HP: 27/29 MP: 3/3
  1026 | D:2      | Became a worshipper of Warmaster Okawaru
  1339 | D:2      | Found a deep blue altar of Sif Muna.
  1403 | D:2      | Reached skill level 1 in Invocations
  1403 | D:2      | Reached XP level 4. HP: 35/35 MP: 4/4
  1592 | D:3      | Found a faded altar of an unknown god.
  1670 | D:3      | Found a snail-covered altar of Cheibriados.
  1839 | D:3      | Reached skill level 3 in Long Blades
  2517 | D:3      | Gained mutation: Your flesh is heat resistant. (rF+) [demonic ancestry]
  2517 | D:3      | Reached XP level 5. HP: 40/42 MP: 6/6
  2763 | D:4      | Reached * piety under Okawaru
  2786 | D:4      | Gained mutation: Scrolls take you a little longer to read. [potion of mutation]
  2786 | D:4      | Gained mutation: You occasionally shout uncontrollably at your foes. [potion of mutation]
  2786 | D:4      | Gained mutation: Your magical capacity is low. (-10% MP) [potion of mutation]
  2786 | D:4      | Gained mutation: You have large cloven feet. [potion of mutation]
  2788 | D:4      | Lost mutation: You have large cloven feet. [potion of mutation]
  2788 | D:4      | Lost mutation: Scrolls take you a little longer to read. [potion of mutation]
  2788 | D:4      | Lost mutation: Your magical capacity is low. (-10% MP) [potion of mutation]
  2788 | D:4      | Gained mutation: Your muscles are strong. (Str +2) [potion of mutation]
  2788 | D:4      | Gained mutation: Your magical capacity is low. (-10% MP) [potion of mutation]
  2788 | D:4      | Gained mutation: You are agile. (Dex +2) [potion of mutation]
  2788 | D:4      | Gained mutation: Your spells are a little harder to cast, but a little more powerful. [potion of mutation]
  2919 | D:4      | Found a glowing drain.
  2923 | D:4      | Reached XP level 6. HP: 36/48 MP: 7/7
  2952 | Sewer    | Entered a sewer
  3130 | Sewer    | Reached skill level 4 in Long Blades
  3137 | Sewer    | Reached ** piety under Okawaru
  3339 | D:4      | Reached XP level 7. HP: 51/54 MP: 8/8
  3400 | D:4      | Found a bloodstained altar of Trog.
  3439 | D:4      | Found a blossoming altar of Fedhas.
  3614 | D:4      | Found a burning altar of Makhleb.
  3832 | D:5      | Entered Level 5 of the Dungeon
  4063 | D:5      | Reached skill level 5 in Long Blades
  4297 | D:5      | Reached XP level 8. HP: 39/61 MP: 10/10
  4926 | D:6      | Reached skill level 5 in Fighting
  5154 | D:6      | Found an opulent altar of Gozag.
  5170 | D:6      | Reached skill level 5 in Invocations
  5401 | D:6      | Found a basalt altar of Yredelemnul.
  5437 | D:6      | Reached *** piety under Okawaru
  5506 | D:6      | Reached skill level 6 in Long Blades
  5725 | D:6      | Found a staircase to the Ecumenical Temple.
  5794 | D:7      | Found a shadowy altar of Dithmenos.
  5803 | D:7      | Found an ornate altar of the Wu Jian Council.
  5808 | D:7      | Found a glowing golden altar of the Shining One.
  5831 | D:7      | Noticed a hippogriff
  5840 | D:7      | Killed a hippogriff
  5840 | D:7      | Reached skill level 5 in Armour
  5988 | D:7      | Noticed a hornet
  5989 | D:7      | Paralysed by a hornet for 2 turns
  5994 | D:7      | Paralysed by a hornet for 3 turns
  5999 | D:7      | Killed a hornet
  5999 | D:7      | Reached skill level 5 in Shields
  5999 | D:7      | Reached XP level 9. HP: 63/69 MP: 10/12
  6145 | D:7      | Found a sacrificial altar of Ru.
  6491 | D:7      | Found an iron altar of Okawaru.
  6530 | D:7      | Reached skill level 7 in Long Blades
  6962 | Temple   | Entered the Ecumenical Temple
  7120 | D:8      | Reached **** piety under Okawaru
  7164 | D:8      | Noticed Angani's ghost (novice GnWn)
  8095 | D:8      | Found a deep blue altar of Sif Muna.
  8123 | D:8      | Killed Angani's ghost
  8123 | D:8      | Reached skill level 8 in Long Blades
  8123 | D:8      | Gained mutation: You are immune to clouds of flame. [demonic ancestry]
  8123 | D:8      | Reached XP level 10. HP: 69/77 MP: 14/14
  8371 | D:8      | You fall through a shaft for 2 floors!
  8371 | D:10     | Entered Level 10 of the Dungeon
  8571 | D:11     | Found a flickering gateway to a bazaar.
  8580 | Bazaar   | Entered a bazaar
  8594 | Bazaar   | Found Deriq's Book Shoppe.
  8594 | Bazaar   | Found Asyighiu's Food Emporium.
  8617 | Bazaar   | Found Caquiclo's Antique Armour Shoppe.
  8617 | Bazaar   | Found Ynem's Jewellery Emporium.
  8638 | Bazaar   | Found Heraa's General Store.
  8638 | Bazaar   | Found Nucyok's Armour Emporium.
  8662 | Bazaar   | Bought a translucent leather armour for 224 gold pieces
  8672 | Bazaar   | Identified the cursed +1 leather armour of Ximalil {rPois MR+ Dex+3} (You bought it in a shop in a bazaar)
  8689 | Bazaar   | Bought a scroll of summoning for 114 gold pieces
  8689 | Bazaar   | Bought 2 scrolls of teleportation for 72 gold pieces
  8715 | D:11     | Noticed a two-headed ogre
  8775 | D:11     | Noticed a cyan ugly thing
  8786 | D:11     | Found a frozen archway.
  8786 | D:11     | Noticed a spiny frog
  8796 | IceCv    | Entered an ice cave
  8841 | IceCv    | Noticed an ice statue
  8841 | IceCv    | Noticed an ice statue
  8982 | IceCv    | Killed an ice statue
  9202 | IceCv    | Killed an ice statue
  9333 | IceCv    | Reached ***** piety under Okawaru
  9572 | IceCv    | Reached skill level 9 in Long Blades
  9682 | IceCv    | Slain by an ice devil

Vault maps used:
D:1:      onia_arrival_pentagram, minmay_fountain_box
D:2:      nicolae_overflow_crystal_walls, old_standard_altar,
          lemuel_crystal_altar
D:3:      first_bread, chequers_ecumenical_altar_simple_redux,
          kennysheep_slug_shrine
D:4:      overflow_temple_1_default, lemuel_crystal_altar,
          nicolae_overflow_hidden_temple, gup_sewer_entry_bubbles,
          fedhas_altar_1
D:6:      kennysheep_little_box, minmay_temple_entry_from_below_a,
          grunt_gozag_statues
D:7:      nicolae_ru_path_of_blood, grunt_temple_overflow_open,
          minmay_parallelograms, grunt_ogre_cave, okawaru_gym_becter
D:8:      minmay_misc_feat_doors, led_sif_pool
D:10:     minmay_lair_entry_lava, erik_orc_1, serial_shops, shop, uniq_nergalle
D:11:     portal_ice_cave_entry_pillars_1, serial_shops, freezing_bzr,
          uniq_snorg
Temple:   cyrus_temple_forest
Bazaar:   bazaar_short_row
Sewer:    kennysheep_pipe_town
IceCv:    ice_cave_small_demon

Skill      XL: |  1  2  3  4  5  6  7  8  9 10 |
---------------+-------------------------------+-----
Long Blades    | 2 3 4 5 6 8 9 |  9.0
Armour         | 3 4 5 6 |  6.7
Shields        | 3 4 5 6 |  6.6
Invocations    | 1 2 3 4 5 7 8 |  8.4
Fighting       | 4 5 6 7 |  7.3

Action                   |  1- 3 |  4- 6 |  7- 9 | 10-12 || total
-------------------------+-------+-------+-------+-------++-------
Melee: Long sword        |   155 |   166 |   407 |   194 ||   922
Invok: Heroism           |       |       |    12 |    10 ||    22
 Abil: Evoke Berserk Rag |       |       |     7 |     4 ||    11
Evoke: Wand              |       |       |     2 |     3 ||     5
  Use: Scroll            |       |     3 |     1 |     5 ||     9
       Potion            |       |     3 |       |    11 ||    14
 Stab: Invisible         |       |       |       |    10 ||    10
  Eat: Chunk             |     2 |     7 |    18 |     3 ||    30
       Fruit             |       |       |     3 |       ||     3
       Meat ration       |       |       |       |     2 ||     2
Armor: Scale mail        |    93 |    80 |   147 |    20 ||   340
       Leather armour    |       |       |       |    22 ||    22
Dodge: Dodged            |    43 |    44 |   106 |    51 ||   244
Block: Shield            |    75 |    91 |   232 |    86 ||   484
       Rpst.: Long sword |    13 |    16 |    26 |     9 ||    64

Table legend:
 A = Spawn XP
 B = Non-spawn XP
 C = Spawn XP percentage of total XP
 D = Spawn monster count
 E = Non-spawn monster count
 F = Spawn count percentage of total count
 G = Total turns spent on level
                    A         B        C        D         E        F      G
               +---------+---------+-------+---------+---------+-------+---------
         Total |       0 |    9175 |   0.0 |       0 |     234 |   0.0 |  9682
               +---------+---------+-------+---------+---------+-------+---------
           D:1 |       0 |      18 |   0.0 |       0 |      11 |   0.0 |   709
           D:2 |       0 |      91 |   0.0 |       0 |      18 |   0.0 |   857
           D:3 |       0 |     130 |   0.0 |       0 |      31 |   0.0 |  1159
           D:4 |       0 |     229 |   0.0 |       0 |      18 |   0.0 |   793
           D:5 |       0 |     817 |   0.0 |       0 |      30 |   0.0 |  1116
           D:6 |       0 |     647 |   0.0 |       0 |      18 |   0.0 |   892
           D:7 |       0 |    1405 |   0.0 |       0 |      18 |   0.0 |  1302
           D:8 |       0 |    2425 |   0.0 |       0 |      35 |   0.0 |  1148
          D:10 |       0 |     560 |   0.0 |       0 |      10 |   0.0 |    96
          D:11 |       0 |      87 |   0.0 |       0 |       3 |   0.0 |   202
         Sewer |       0 |     340 |   0.0 |       0 |      24 |   0.0 |   314
         IceCv |       0 |    2426 |   0.0 |       0 |      18 |   0.0 |   886
               +---------+---------+-------+---------+---------+-------+---------
